 Dungeon Crawl Stone Soup version 0.27-a0-1590-g15f69828bf (webtiles) character file.

Game seed: 3885660544033486016

4003 duskshroud the Basher (level 10, -2/67 HPs)
             Began as a Gargoyle Fighter on July 19, 2021.
             Was an Elder of Okawaru.
             Shot with an arrow by a centaur warrior (13 damage)
             ... on level 8 of the Dungeon.
             The game lasted 00:28:07 (9959 turns).

duskshroud the Basher (Gargoyle Fighter)            Turns: 9959, Time: 00:28:07

Health: -2/67      AC: 19    Str: 22    XL:     10   Next: 23%
Magic:  8/10       EV: 11    Int:  9    God:    Okawaru [****..]
Gold:   366        SH:  0    Dex: 10    Spells: 9/9 levels left

rFire    + . .     SeeInvis .   a - +0 flail
rCold    . . .     Faith    +   (no shield)
rNeg     + . .     Spirit   .   b - +0 scale mail
rPois    ∞         Reflect  .   v - +0 helmet
rElec    +         Harm     .   y - +0 cloak
rCorr    +         Rampage  .   (no gloves)
Will     .....                  D - +0 pair of boots
Stlth    +.........             w - amulet of faith
HPRegen  0.21/turn              x - ring of resist corrosion
MPRegen  0.12/turn              E - ring of protection from fire

@: mighty, heroic, marked
A: sickness immunity, AC +7, negative energy resistance 1, electricity
resistance, torment resistance 1, petrification resistance
a: Renounce Religion, Heroism


You were on level 8 of the Dungeon.
You worshipped Okawaru.
Okawaru was greatly pleased with you.
You visited 2 branches of the dungeon, and saw 9 of its levels.

You collected 422 gold pieces.
You spent 56 gold pieces at shops.

Inventory:

Hand Weapons
 a - a +0 flail (weapon)
Missiles
 f - 3 javelins
 s - 3 throwing nets (quivered)
 t - 18 poisoned darts
Armour
 b - a +0 scale mail (worn)
 c - a +0 kite shield
 u - a +0 tower shield
 v - a +0 helmet (worn)
 y - a +0 cloak (worn)
 D - a +0 pair of boots (worn)
 I - the +2 leather armour of Infinity {rF- rC+ rN++ Stlth+}
   (You found it on level 7 of the Dungeon)

   rF:        It makes you vulnerable to fire.
   rC:        It protects you from cold.
   rN:        It greatly protects you from negative energy.
   Stlth:     It makes you more stealthy.
Magical Staves
 n - a staff of death
Jewellery
 w - an amulet of faith (around neck)
 x - a ring of resist corrosion (left hand)
 E - a ring of protection from fire (right hand)
Wands
 z - a wand of polymorph (18)
 G - a wand of acid (7)
Scrolls
 e - a scroll of fog {unknown}
 h - 4 scrolls of enchant armour {unknown}
 m - 2 scrolls of amnesia {unknown}
 o - 4 scrolls of identify {unknown}
 p - 7 scrolls of teleportation {unknown}
 r - a scroll of fear {unknown}
 B - 3 scrolls of magic mapping {unknown}
 C - a scroll of holy word {unknown}
 F - 2 scrolls of immolation {unknown}
 H - 3 scrolls of acquirement {unknown}
Potions
 g - 2 potions of lignification {unknown}
 i - a potion of resistance {unknown}
 j - a potion of attraction {unknown}
 k - a potion of magic {unknown}
 l - 2 potions of degeneration {unknown}
 q - 2 potions of heal wounds {unknown}
 A - 2 potions of flight {unknown}


   Skills:
 + Level 9.7(14.7) Fighting
 * Level 11.8(16.8) Maces & Flails
 - Level 3.2(8.2) Armour
 - Level 3.2(8.2) Shields


You had 9 spell levels left.
You didn't know any spells.
Your spell library contained the following spells:

 Spells                   Type           Power      Damage    Failure   Level
 Call Canine Familiar     Summ           0%         N/A       95%         3
 Portal Projectile        Hex/Tloc       0%         N/A       95%         3
 Leda's Liquefaction      Hex/Erth       0%         N/A       100%        4


Dungeon Overview and Level Annotations

Branches:
Dungeon (8/15)             Temple (1/1) D:4
   Lair: D:8-11

Altars:
Ashenzari
Cheibriados
Fedhas
Gozag
Kikubaaqudgha
Nemelex Xobeh
Okawaru
Qazlal
Ru
Sif Muna
Trog
Uskayaw
Yredelemnul
Zin

Shops:
D:2 !   D:7 [

Annotations:
D:4 1 runed translucent door, Sobieck's ghost, amateur FoEE
D:8 Erica


Innate Abilities, Weirdness & Mutations

You are immune to sickness and miasma.
Your stone body is resilient. (AC +7)
You are immune to poison.
You resist negative energy. (rN+)
You are resistant to electric shocks. (rElec)
You are resistant to unholy torment.
You are immune to petrification.


Message History

The killer bee is severely wounded.
The killer bee barely misses you.
The killer bee stings you but does no damage.
You miss the killer bee.
The killer bee is severely wounded.
The killer bee stings you.
You sock the killer bee!
You kill the killer bee!
Okawaru accepts your kill.
You sock the killer bee!
You kill the killer bee!
Okawaru accepts your kill.
The centaur warrior unwields a +0 hand axe.
The centaur warrior wields a +0 longbow.
The centaur warrior shoots an arrow.
The arrow hits you!
* * * LOW HITPOINT WARNING * * *
You gain the combat prowess of a mighty hero.
The centaur warrior unwields a +0 longbow.
The centaur warrior wields a +0 hand axe.
The centaur warrior hits you with a +0 hand axe!
* * * LOW HITPOINT WARNING * * *
The centaur warrior kicks you but does no damage.
Throw: 4 throwing nets
Press: ? - help, Q - select action, (/) - cycle Shift-Dir - straight line, f - centaur warrior
Aim: a centaur warrior, wielding a +0 hand axe and quivering arrows (72% to hit)
You throw a throwing net.
The throwing net hits the centaur warrior.
The centaur warrior is caught in the net!
The centaur warrior struggles against the net.
The centaur warrior struggles against the net.
A kobold comes into view. It is wielding a +0 short sword.
The centaur warrior struggles against the net.
The net rips apart, and the centaur warrior comes free!
Erica mumbles some strange words.
Erica flickers and vanishes!
Deactivating autopickup; reactivate with Ctrl-A.
The centaur warrior unwields a +0 hand axe.
The centaur warrior wields a +0 longbow.
The centaur warrior shoots an arrow.
The arrow hits you!
You die...

#.# ### #...#
#.###.## #.....
#.##.#.## #......
##.#.###.##.......
#..)## ##.........
#..## ##........
#...## ##.##......
####.###.## #.....
##)#@## #...#
##.## #'##
#.########.##
#c##........#
#{K)co..##..
####(##@# #.# ..
#.# ... #.# ..#


You could see a centaur warrior.

Vanquished Creatures
  Harold (D:8)
  A centaur warrior (D:8)
  An ugly thing (D:8)
  A wyvern (D:7)
  A water moccasin (D:8)
  A sky beast (D:6)
  A necrophage (D:6)
  2 ogres
  2 centaurs (D:8)
  A phantom (D:4)
  A gnoll sergeant (D:6)
  2 scorpions (D:6)
  4 killer bees (D:8)
  2 wights (D:8)
  3 electric eels (D:6)
  2 howler monkeys (D:7)
  A centaur zombie (D:7)
  2 bullfrog zombies
  3 hounds
  A bullfrog skeleton (D:7)
  A jelly (D:6)
  A centaur skeleton (D:6)
  An orc priest (D:5)
  An iguana (D:6)
  2 orc wizards
  14 gnolls
  8 adders
  A shadow imp (D:5)
  2 white imps
  6 ufetubi
  A worm (D:2)
  12 dart slugs
  11 orcs
  9 endoplasms
  5 giant cockroaches
  6 goblins
  3 hobgoblins
  6 jackals
  4 kobolds
  8 quokkas
  10 ball pythons
  5 bats
  3 frilled lizards
  4 rats
157 creatures vanquished.

Vanquished Creatures (others)
  A dart slug (D:6)
  A goblin (D:1)
  2 plants (D:1)
4 creatures vanquished.

Grand Total: 161 creatures vanquished

Notes
Turn   | Place    | Note
-------+----------+-------------------------------------------
     0 | D:1      | duskshroud the Gargoyle Fighter began the quest for the
                  | Orb.
     0 | D:1      | Reached XP level 1. HP: 14/14 MP: 1/1
   254 | D:1      | Reached XP level 2. HP: 18/19 MP: 2/2
   853 | D:1      | Reached skill level 3 in Maces & Flails
   853 | D:1      | Reached XP level 3. HP: 24/24 MP: 3/3
  1949 | D:2      | Found Veofukkitaf's Distillery.
  1958 | D:2      | Bought a potion of might for 56 gold pieces
  1995 | D:2      | Reached XP level 4. HP: 25/29 MP: 4/4
  2434 | D:3      | Noticed an ogre
  2953 | D:3      | Reached skill level 4 in Maces & Flails
  3056 | D:3      | Reached XP level 5. HP: 9/34 MP: 5/5
  3483 | D:3      | Killed an ogre
  3747 | D:3      | Found a faded altar of an unknown god.
  3758 | D:3      | Reached skill level 5 in Maces & Flails
  3851 | D:4      | Reached XP level 6. HP: 24/40 MP: 6/6
  3867 | D:4      | Reached skill level 5 in Fighting
  4085 | D:4      | Found a runed translucent door.
  4191 | D:4      | Noticed Sobieck's ghost (amateur FoEE)
  4694 | D:4      | Found a staircase to the Ecumenical Temple.
  4700 | Temple   | Entered the Ecumenical Temple
  4731 | Temple   | Became a worshipper of Warmaster Okawaru
  5027 | D:5      | Entered Level 5 of the Dungeon
  5037 | D:5      | Reached skill level 6 in Maces & Flails
  5037 | D:5      | Reached XP level 7. HP: 33/44 MP: 7/7
  6484 | D:6      | Reached * piety under Okawaru
  6485 | D:6      | Reached skill level 7 in Maces & Flails
  6705 | D:6      | Reached XP level 8. HP: 21/52 MP: 8/8
  7000 | D:6      | Reached ** piety under Okawaru
  7373 | D:6      | Reached skill level 8 in Maces & Flails
  8602 | D:7      | Identified the +2 leather armour of Infinity {rF- rC+ rN++
                  | Stlth+}
  8898 | D:7      | Reached skill level 9 in Maces & Flails
  8963 | D:7      | Found Ajaek's Antique Armour Boutique.
  9038 | D:8      | Noticed a centaur warrior
  9054 | D:8      | Killed a centaur warrior
  9054 | D:8      | Reached *** piety under Okawaru
  9055 | D:8      | Reached skill level 10 in Maces & Flails
  9055 | D:8      | Reached XP level 9. HP: 31/60 MP: 7/9
  9230 | D:8      | Noticed a cyan ugly thing
  9250 | D:8      | Killed a cyan ugly thing
  9532 | D:8      | Reached **** piety under Okawaru
  9577 | D:8      | Reached skill level 11 in Maces & Flails
  9920 | D:8      | Noticed Harold
  9946 | D:8      | Noticed a centaur warrior
  9948 | D:8      | Killed Harold
  9949 | D:8      | Reached XP level 10. HP: 38/67 MP: 10/10
  9950 | D:8      | Noticed Erica
  9959 | D:8      | Shot with an arrow by a centaur warrior

Illustrated notes

Levels and vault maps discovered:
D:1:      shiori_shiawase, layout_basic, st_stairs_5, serial_bayou_pond_e,
          chequers_decorated_corner, lemuel_another_geyser
D:2:      layout_loops_cross, serial_shops, shop
D:3:      layout_loops_corners, shapermc_ecumenical_altar_mp_highgroup,
          hangedman_decor_growths
D:4:      layout_basic, minmay_temple_entry_fiery, ebering_ghost_sewer_d,
          corexii_shack, grunt_tough_drop
D:5:      layout_loops_ring, gup_sewer_entry_pipe
D:6:      kennysheep_slugbush, layout_basic, serial_corexii_hall,
          corexii_hall_statues_t, corexii_hall_statues_x,
          corexii_hall_statues_deadend, corexii_hall_statues_x
D:7:      layout_loops_corners, serial_shops, shop, minivault_23
D:8:      cheibrodos_fzero, layout_loops_corners, uniq_erica, uniq_maggie,
          uniq_harold, uniq_grum
Temple:   compressed_dpeg_circular_temple

Skill      XL: |  1  2  3  4  5  6  7  8  9 |
---------------+----------------------------+-----
Maces & Flails | 3 4 5 6 7 10 11 | 11.8
Fighting       | 4 5 6 8 9 |  9.7
Armour         | |  3.2
Shields        | |  3.2

Action                   |  1- 3 |  4- 6 |  7- 9 | 10-12 || total
-------------------------+-------+-------+-------+-------++-------
Melee: Flail             |   120 |   207 |   388 |     5 ||   720
       Punch             |       |       |     1 |       ||     1
Throw: Dart              |       |     7 |    46 |       ||    53
       Throwing net      |       |       |       |     1 ||     1
Invok: Heroism           |       |       |     5 |     1 ||     6
  Use: Potion            |       |       |     4 |       ||     4
Armor: Scale mail        |    53 |   150 |   268 |     2 ||   473
Dodge: Dodged            |    58 |    94 |   196 |     3 ||   351

Table legend: (Time is in decaauts)
 A = Elapsed time spent in this place.
 B = Non-inter-level travel time spent in this place.
 C = Inter-level travel time spent in this place.
 D = Time resting spent in this place.
 E = Time spent auto-exploring this place.
 F = Levels seen in this place.
 G = Mean time per level.
                   A        B        C        D        E       F      G
               +--------+--------+--------+--------+--------+-----+--------+
         Total |  10033 |   9691 |    342 |   2868 |   4308 |   9 | 1114.8 |
       Dungeon |   9972 |   9658 |    314 |   2868 |   4308 |   8 | 1246.5 |
        Temple |     60 |     32 |     28 |      0 |      0 |   1 |   60.0 |
               +--------+--------+--------+--------+--------+-----+--------+

Top non-repeatable levels by time:
     D:3: 1676 daAuts
     D:6: 1517 daAuts
     D:5: 1485 daAuts
     D:1: 1383 daAuts
     D:4: 1217 daAuts
     D:7: 1061 daAuts
     D:2: 974 daAuts
     D:8: 656 daAuts
  Temple: 60 daAuts
